Map: Ley Lines

Players

KimChiLoVer - Winner!

  • Race: Terran Terran
  • Spawn Location: 1:00

VOD

Have the link to the VOD?

Description

Time

  • Played on: Aug. 16, 2025, 11:01 a.m.
  • Length: 10:38
Show
View Real Time Build Order
Export as new Build Order

KimChiLoVer Terran - Winner!

Build Orders: Reaper Expand 

Get SALT Encoding   

  12  0:02  SCV  
  12  0:14  SCV  
  12  0:18  Supply Depot  
  12  0:26  SCV  
  12  0:39  SCV  
  12  0:41  Barracks  
  12  0:44  Refinery  
  12  0:51  SCV  
  12  1:03  SCV  
  12  1:16  SCV  
  12  1:28  Orbital Command  
  12  1:29  Reaper  
  12  1:39  Command Center  
  12  1:48  Supply Depot  
  12  1:54  SCV  
  12  2:01  Marine  
  12  2:04  Factory  
  12  2:08  SCV  
  12  2:10  Refinery  
  12  2:20  SCV  
  12  2:21  Barracks Reactor  
  12  2:32  SCV  
  12  2:33  Barracks  
  12  2:42  Barracks  
  12  2:44  SCV  
  12  2:49  Factory Tech Lab  
  12  2:55  Orbital Command  
  12  2:56  SCV  
  12  3:00  Marine x2  
  12  3:13  SCV  
  12  3:19  Marine x2  
  12  3:24  SCV  
  12  3:30  Stimpack  
  12  3:34  Command Center  
  12  3:41  Supply Depot  
  12  3:45  Starport  
  12  3:46  Factory Reactor  
  12  3:51  Marine  
  12  3:52  Marine x2  
  12  3:55  Marine  
  12  3:57  SCV  
  12  3:59  SCV  
  12  4:06  Engineering Bay  
  12  4:10  Engineering Bay  
  12  4:13  Marine  
  12  4:15  SCV  
  12  4:16  SCV  
  12  4:29  Supply Depot  
  12  4:31  Marine x2  
  12  4:32  Marine  
  12  4:33  Marine  
  12  4:34  Factory Tech Lab  
  12  4:35  Medivac  
  12  4:40  Medivac  
  12  4:44  Terran Infantry Weapons Level 1  
  12  4:48  Terran Infantry Armor Level 1  
  12  4:49  SCV  
  12  4:57  Orbital Command  
  12  5:02  Barracks  
  12  5:06  Barracks  
  12  5:10  Marine x2  
  12  5:19  Armory  
  12  5:24  Medivac x2  
  12  5:25  SCV  
  12  5:26  SCV  
  12  5:33  Barracks Tech Lab  
  12  5:35  Orbital Command  
  12  5:38  Refinery, SCV  
  12  5:39  Refinery, Marine x3  
  12  5:51  Siege Tank, SCV x2  
  12  5:57  Marine  
  12  6:03  SCV  
  12  6:04  SCV x2  
  12  6:08  Barracks Tech Lab  
  12  6:11  Medivac  
  12  6:12  Marine x2  
  12  6:13  Marine  
  12  6:18  Supply Depot  
  12  6:24  Supply Depot  
  12  6:29  Terran Vehicle And Ship Armor Level 1  
  12  6:30  Marine x5, SCV  
  12  6:36  SCV x2  
  12  6:41  Terran Infantry Weapons Level 2  
  12  6:42  Supply Depot  
  12  6:46  Barracks  
  12  6:48  Marine x6  
  12  6:51  Barracks  
  12  6:57  SCV  
  12  6:58  SCV  
  12  6:59  SCV  
  12  7:05  Barracks  
  12  7:07  Terran Infantry Armor Level 2  
  12  7:08  Starport  
  12  7:10  SCV  
  12  7:12  Supply Depot  
  12  7:17  Marauder  
  12  7:19  Barracks Reactor  
  12  7:28  Marine  
  12  7:32  Command Center  
  12  7:36  Barracks Reactor  
  12  7:37  Combat Shield  
  12  7:39  Concussive Shells  
  12  7:44  Barracks Tech Lab  
  12  7:45  Marine, Marauder  
  12  7:46  Marine x2, Marauder  
  12  7:48  Starport Reactor  
  12  7:52  Viking  
  12  7:54  Viking  
  12  8:00  SCV  
  12  8:02  SCV x2  
  12  8:07  Supply Depot  
  12  8:09  Barracks Reactor  
  12  8:10  Marauder  
  12  8:12  SCV  
  12  8:20  Marine  
  12  8:21  Marine  
  12  8:23  Supply Depot  
  12  8:24  SCV  
  12  8:25  Marine x3  
  12  8:27  Siege Tank  
  12  8:30  Medivac x2  
  12  8:33  Supply Depot  
  12  8:37  SCV  
  12  8:38  Refinery  
  12  8:39  Marine, Marauder x2  
  12  8:41  Medivac  
  12  8:44  Marine x2  
  12  8:45  Marine  
  12  8:52  Viking  
  12  8:57  Marine x3, Marauder x2  
  12  9:02  SCV x2  
  12  9:03  Orbital Command  
  12  9:07  Siege Tank  
  12  9:09  Marine, Marauder  
  12  9:20  Refinery  
  12  9:25  Supply Depot, Marine x5  
  12  9:33  Marine x5  
  12  9:41  Supply Depot  
  12  9:46  Marine x5  
  12  9:47  Marine x2  
  12  9:49  Viking  
  12  9:50  Medivac  
  12  9:56  SCV  
  12  9:57  SCV x3  
  12  10:01  Marine x3, Marauder x2  
  12  10:04  Marine  
  12  10:09  Supply Depot  
  12  10:12  Marine x4  
  12  10:15  SCV x3  
Tags
 
Add a new tag
Caveats
  • Supply blocks, unpowered buildings, or Contaminate may cause inaccurate times.
  • Supply counts are checked every 10 seconds.